 Dungeon Crawl Stone Soup version 0.27-a0-13-g87abb2d9eb (webtiles) character file.

Game seed: 652325770690036617

56 dolemite99 the Chopper (level 3, -3/31 HPs)
             Began as a Hill Orc Chaos Knight on Jan 3, 2021.
             Was a Plaything of Xom.
             Splashed by a jelly's acid (5 damage)
             ... on level 2 of the Dungeon.
             The game lasted 00:01:25 (1454 turns).

dolemite99 the Chopper (Hill Orc Chaos Knight)      Turns: 1454, Time: 00:01:26

Health: -3/31      AC: -6    Str: 15    XL:     3   Next: 97%
Magic:  3/3        EV:  8    Int: 12    God:    Xom [.*....]
Gold:   167        SH:  8    Dex: 10    Spells: 2/2 levels left

rFire    . . .     SeeInvis .   a - +0 hand axe (chaos)
rCold    . . .     Faith    .   g - +2 kite shield
rNeg     . . .     Spirit   .   b - +2 leather armour
rPois    .         Reflect  .   (no helmet)
rElec    .         Harm     .   (no cloak)
rCorr    .         Rampage  .   (no gloves)
Will     .....                  (no boots)
Stlth    +.........             (no amulet)
HPRegen  0.10/turn              (no ring)
MPRegen  0.08/turn              (no ring)

@: corroded
A: no striking features
a: Renounce Religion


You were on level 2 of the Dungeon.
You worshipped Xom.
You were a plaything of Xom.
You visited 1 branch of the dungeon, and saw 2 of its levels.

You collected 167 gold pieces.

Inventory:

Hand Weapons
 a - a +0 hand axe of chaos (weapon)
 e - a +0 dagger of venom
Missiles
 d - 50 stones (quivered)
Armour
 b - a +2 leather armour (worn)
 g - a +2 kite shield (worn)
Scrolls
 c - a scroll of teleportation {unknown}
 f - a scroll of fear {unknown}
 k - a scroll of blinking {unknown}
Potions
 h - a potion of flight {unknown}
 i - a potion of ambrosia {unknown}
 j - a potion of haste {unknown}
 l - a potion of attraction {unknown}


   Skills:
 - Level 3.6 Fighting
 + Level 6.3 Axes
 - Level 2.1 Armour
 - Level 0.7 Dodging


You had 2 spell levels left.
You didn't know any spells.
Your spell library was empty.

Dungeon Overview and Level Annotations

Branches:
Dungeon (2/15)

Altars:
Xom
Zin


Message History

You hit something. You burn something.
Reactivating autopickup.
You feel a bit more experienced.
You hit the jelly.
Your hands burn!
The jelly is moderately wounded.
The jelly hits you. The acid corrodes you!
You are splashed with acid!
You are too injured to fight recklessly!
You hit the jelly but do no damage.
The jelly is poisoned.
The acid corrodes you!
Your hands burn!
The jelly is moderately wounded.
The jelly hits you. The acid corrodes you!
You are splashed with acid!
* * * LOW HITPOINT WARNING * * *
You hit the jelly but do no damage.
Your hands burn!
* * * LOW HITPOINT WARNING * * *
The jelly is moderately wounded.
You block the jelly's attack.
You are too injured to fight recklessly!
You hit the jelly.
Your hands burn!
You die...
Xom titters!

#.##.# #.###
##.....##
#.##.# #.#
#.......#
#.##.# #.#
#.......# ..
#.# #.#
#.......# ..#
#.# #.......#
#.### ####..).#
#...###..'....#
######.########
##.@JJ..##
#######'#
÷P......÷#
....JPJJJ#
..J.JP...#
.÷.....P.#
...P...÷.#
?.÷....P.#
##########


You could see a jelly (very poisoned) and an ooze.

Vanquished Creatures
  An adder (D:2)
  2 oozes (D:2)
  3 dart slugs
  An orc (D:2)
  3 goblins
  2 hobgoblins (D:1)
  2 jackals (D:1)
  4 bats
  A frilled lizard (D:1)
  11 kobolds
  4 rats
34 creatures vanquished.

Vanquished Creatures (others)
  4 fungi (D:2)
  8 toadstools (D:2)
12 creatures vanquished.

Grand Total: 46 creatures vanquished

Notes
Turn   | Place    | Note
-------+----------+-------------------------------------------
     0 | D:1      | dolemite99 the Hill Orc Chaos Knight began the quest for
                  | the Orb.
     0 | D:1      | Reached XP level 1. HP: 19/19 MP: 1/1
    27 | D:1      | XOM: butterfly on damage
    95 | D:1      | XOM: silly message
   226 | D:1      | Reached XP level 2. HP: 21/26 MP: 2/2
   248 | D:1      | XOM: 2-stop teleportation journey
   256 | D:1      | Reached skill level 5 in Axes
   262 | D:1      | XOM: scenery: create altars
   297 | D:1      | XOM: 4-stop teleportation journey
   869 | D:2      | Found a glowing silver altar of Zin.
   881 | D:2      | Reached XP level 3. HP: 29/31 MP: 3/3
   889 | D:2      | XOM: repel stairs
   895 | D:2      | XOM: swap monsters
  1264 | D:2      | Reached skill level 6 in Axes
  1444 | D:2      | XOM: noise
  1453 | D:2      | HP: 1/31 [acid (3)]
  1454 | D:2      | Splashed by a jelly's acid

Illustrated notes

Levels and vault maps discovered:
D:1:      psy_arrival_radial01, layout_basic, ebering_dispersal_statue_hall,
          kennysheep_decorative_pillar
D:2:      cheibrodos_fertilizer, layout_loops_ring, lemuel_round_altar

Skill      XL: |  1  2  3 |
---------------+----------+-----
Axes           | 5 6 |  6.3
Fighting       | |  3.6
Armour         | |  2.1
Dodging        | |  0.7

Action                   || total
-------------------------++-------
Melee: Hand axe          ||    69
Throw: Stone             ||    41
 Stab: Sleeping          ||     1
Armor: Leather armour    ||    27
Dodge: Dodged            ||    40
Block: Kite shield       ||    20

Table legend: (Time is in decaauts)
 A = Elapsed time spent in this place.
 B = Non-inter-level travel time spent in this place.
 C = Inter-level travel time spent in this place.
 D = Time resting spent in this place.
 E = Time spent auto-exploring this place.
 F = Levels seen in this place.
 G = Mean time per level.
                   A        B        C        D        E       F      G
               +--------+--------+--------+--------+--------+-----+--------+
         Total |   1468 |   1458 |     10 |    107 |    985 |   2 |  734.0 |
       Dungeon |   1468 |   1458 |     10 |    107 |    985 |   2 |  734.0 |
               +--------+--------+--------+--------+--------+-----+--------+

Top non-repeatable levels by time:
     D:1: 876 daAuts
     D:2: 592 daAuts
